 Dungeon Crawl Stone Soup version 0.21.1-1-g345015f (webtiles) character file.

4543 zhorgal the Fighter (level 10, 0/65 HPs)
             Began as a Gargoyle Earth Elementalist on Feb 13, 2018.
             Was a Follower of Ashenzari.
             Killed by the raging water
             ... invoked by a water nymph
              (21 damage)
             ... on level 9 of the Dungeon.
             The game lasted 00:58:03 (11910 turns).

zhorgal the Fighter (Gargoyle Earth Elementalist)  Turns: 11910, Time: 00:58:04

Health: 0/65       AC: 19    Str: 12    XL:     10   Next: 40%
Magic:  7/17       EV: 11    Int: 19    God:    Ashenzari [*.....]
Gold:   331        SH:  0    Dex: 10    Spells: 4/19 levels left

rFire    . . .     SeeInvis .   U - +10 trident "Dimar" {flame, rPois rN+ Stlth-}
rCold    . . .     Gourm    .   (no shield)
rNeg     + + .     Faith    .   O - +2 ring mail {rPois}
rPois    ∞         Spirit   .   R - +0 helmet
rElec    +         Reflect  .   m - +1 cloak
rCorr    +         Harm     .   (no gloves)
MR       .....                  (no boots)
Stlth    ..........             (no amulet)
HPRegen  0.20/turn              f - ring of resist corrosion
MPRegen  0.15/turn              (no ring)

@: very slightly contaminated, very slow
A: negative energy resistance 1, electricity resistance, unbreathing,
petrification resistance, rot immunity, AC +7
a: Curse Item, Scrying, Renounce Religion


You were on level 9 of the Dungeon.
You worshipped Ashenzari.
Ashenzari was aware of your devotion.
You were very hungry.

You visited 1 branch of the dungeon, and saw 9 of its levels.

You collected 331 gold pieces.

Inventory:

Hand Weapons
 h - a +0 short sword
 i - a +0 dagger
 l - a cursed -3 dagger
 t - a +0 spear
 x - a +1 flail
 y - a +0 halberd
 A - a +0 war axe
 F - a +0 blowgun
 M - a +3 halberd
 U - the +10 trident "Dimar" (weapon) {flame, rPois rN+ Stlth-}
   (You found it on level 7 of the Dungeon)

   It has been specially enchanted to burn those struck by it, causing extra
   injury to most foes and up to half again as much damage against particularly
   susceptible opponents.
   It protects you from poison.
   It protects you from negative energy.
   It makes you less stealthy.
 V - a +0 shortbow
 W - a +0 flail of holy wrath
Missiles
 b - 72 stones (quivered)
 g - 104 arrows
 j - 69 bolts
 E - 10 tomahawks
 G - 29 poisoned needles
Armour
 c - a +0 robe
 e - a +0 chain mail
 m - a +1 cloak (worn)
 o - a +0 plate armour
 N - a +1 robe of magic resistance
 O - a +2 ring mail of poison resistance (worn)
 R - a +0 helmet (worn)
Jewellery
 f - a ring of resist corrosion (left hand)
Wands
 w - a wand of flame (16)
 I - a wand of polymorph (17)
 L - a wand of random effects (32)
 P - a wand of paralysis (10)
Scrolls
 k - 9 scrolls of teleportation
 n - 4 scrolls of enchant armour
 r - 4 scrolls of magic mapping
 u - 3 scrolls of remove curse
 D - a scroll of enchant weapon
 K - a scroll of fog
 Q - 2 scrolls of blinking
Potions
 a - 2 potions of resistance
 p - a potion of cancellation {unknown}
 q - 4 potions of heal wounds
 s - 2 potions of might {unknown}
 v - 2 potions of invisibility
 z - 6 potions of curing
 B - 2 potions of berserk rage {unknown}
 C - a potion of magic {unknown}
 H - a potion of brilliance {unknown}
 J - 2 potions of flight {unknown}
 T - a potion of haste {unknown}
Comestibles
 d - 20 rations
 S - 9 chunks of flesh


   Skills:
 + Level 8.4 Fighting
 - Level 4.2 Maces & Flails
 + Level 6.1 Armour
 + Level 3.2 Dodging
 - Level 2.1 Stealth
 - Level 5.1 Spellcasting
 - Level 0.7 Transmutations
 - Level 7.3 Earth Magic
 + Level 5.7 Evocations


You had 4 spell levels left.
You knew the following spells:

 Your Spells              Type           Power        Failure   Level  Hunger
a - Sandblast             Erth           ####..       1%          1    None
b - Stone Arrow           Conj/Erth      ###...       17%         3    ##.....
c - Passwall              Tmut/Erth      ###.......   7%          2    #......
d - Petrify               Tmut/Erth      ###.....     43%         4    ####...
e - Lee's Rapid Deconstr  Erth           ####......   34%         5    ######.


Dungeon Overview and Level Annotations

Branches:
Dungeon (9/15)             Temple (0/1) D:6            Lair (0/6) D:8
    Orc: D:9-12

Altars:
Ashenzari
Gozag
Hepliaklqana
Kikubaaqudgha
Makhleb
Nemelex Xobeh
Qazlal
Ru
Sif Muna
Trog
Uskayaw
Yredelemnul

Annotations:
D:3 Autsider's ghost, amateur GrEE
D:4 exclusion: sky beast


Innate Abilities, Weirdness & Mutations

You are resistant to torment.
Your stone body is resilient. (AC +7)
You are immune to poison.
You resist negative energy. (rN+)
You are resistant to electric shocks. (rElec)
You can survive without breathing.
You are immune to petrification.
You are immune to rotting.


Message History

You puncture the water nymph! You burn the water nymph.
The water nymph touches you.
You barely miss the water nymph.
The water nymph points at you and mumbles some strange words.
The water swirls and strikes you! The water nymph casts a spell at you.
The water swirls and strikes you!
You take 23 damage, and have 41/65 hp.
MASSIVE DAMAGE!!
You puncture the water nymph! You burn the water nymph.
The water nymph casts a spell at you. The water swirls and strikes you!
You take 14 damage, and have 27/65 hp.
MASSIVE DAMAGE!!
You closely miss the water nymph. The water nymph casts a spell at you.
The water swirls and strikes you!
You take 6 damage, and have 21/65 hp.
Your unstable footing causes you to fumble your attack.
The water nymph casts a spell at you. The water swirls and strikes you!
You die...

#..........#
#.#######..# # #.#
### #..# ..###
#.#######..#
#....##.))'_'....####
.......)###'###.....#
######.[# #.# #......
#.)###.###......
##..@m≈..........
.......≈≈≈..........
....................
######.............>
##.....P.P.....
##....._.....#
###..P.P.####
#......# #"...###


You could see a water nymph.

Vanquished Creatures
  A human (D:6)
  4 hogs (D:6)
  A yak (D:8)
  Eustachio (D:6)
  5 orc warriors
  A porcupine (D:7)
  An ice beast (D:5)
  A black bear (D:6)
  2 ogres (D:8)
  2 centaurs (D:8)
  Blork the orc (D:4)
  2 big kobolds
  3 bullfrogs (D:8)
  2 scorpions
  10 howler monkeys
  4 crimson imps
  3 iron imps (D:6)
  7 hounds
  A bullfrog skeleton (D:6)
  5 orc priests
  A centaur skeleton (D:6)
  7 iguanas
  10 orc wizards
  6 worker ants
  2 hound zombies
  A worker ant zombie (D:5)
  11 gnolls
  5 adders
  5 shadow imps
  3 oozes
  8 worms
  2 dart slugs
  4 leopard geckos
  31 orcs
  11 bats
  6 giant cockroaches
  8 goblins
  6 hobgoblins
  2 jackals (D:7)
  16 kobolds
  5 quokkas
  4 ball pythons
  5 frilled lizards
  A jackal skeleton (D:5)
  A jackal zombie (D:5)
  A leopard gecko skeleton (D:8)
  9 rats
228 creatures vanquished.

Vanquished Creatures (others)
  A fungus (D:8)
1 creature vanquished.

Grand Total: 229 creatures vanquished

Notes
Turn   | Place    | Note
-------+----------+-------------------------------------------
     0 | D:1      | zhorgal the Gargoyle Earth Elementalist began the quest for the Orb.
     0 | D:1      | Reached XP level 1. HP: 10/10 MP: 3/3
   194 | D:1      | Reached XP level 2. HP: 16/16 MP: 3/5
   198 | D:1      | Learned a level 2 spell: Passwall
   306 | D:1      | Reached skill level 1 in Fighting
   877 | D:1      | Reached XP level 3. HP: 20/20 MP: 6/6
  1120 | D:2      | Found an opulent altar of Gozag.
  1734 | D:2      | Noticed an earth elemental
  1737 | D:2      | Found a stormy altar of Qazlal.
  1747 | D:2      | Noticed an air elemental
  1749 | D:2      | Reached skill level 2 in Fighting
  1756 | D:2      | Noticed a water elemental
  1772 | D:2      | Noticed a fire elemental
  1781 | D:2      | Reached XP level 4. HP: 26/26 MP: 4/8
  2280 | D:2      | Found an ancient bone altar of Kikubaaqudgha.
  2646 | D:2      | Reached XP level 5. HP: 15/31 MP: 6/9
  2823 | D:3      | Reached skill level 5 in Earth Magic
  3009 | D:3      | Learned a level 3 spell: Stone Arrow
  3014 | D:3      | Learned a level 4 spell: Petrify
  3060 | D:3      | Noticed Autsider's ghost (amateur GrEE)
  3113 | D:3      | Reached skill level 3 in Fighting
  3324 | D:4      | Noticed Blork the orc
  3450 | D:4      | Killed Blork the orc
  3450 | D:4      | Reached XP level 6. HP: 4/37 MP: 9/11
  4531 | D:4      | Noticed a sky beast
  4572 | D:4      | Reached skill level 4 in Fighting
  4637 | D:4      | Found a sacrificial altar of Ru.
  4854 | D:4      | Reached XP level 7. HP: 10/43 MP: 10/13
  5892 | D:5      | Entered Level 5 of the Dungeon
  6298 | D:5      | Reached skill level 1 in Evocations
  6463 | D:5      | Reached skill level 5 in Fighting
  6463 | D:5      | Reached XP level 8. HP: 49/49 MP: 15/15
  6660 | D:5      | Reached skill level 5 in Spellcasting
  7206 | D:5      | Found a shattered altar of Ashenzari.
  7206 | D:5      | Found a deep blue altar of Sif Muna.
  7355 | D:5      | Became a worshipper of Ashenzari the Shackled
  7759 | D:6      | Found a staircase to the Ecumenical Temple.
  7866 | D:6      | Reached skill level 1 in Maces & Flails
  7866 | D:6      | Reached skill level 1 in Armour
  8007 | D:6      | Noticed Eustachio
  8058 | D:6      | Killed Eustachio
  8058 | D:6      | Reached skill level 6 in Fighting
  8226 | D:6      | Found a burning altar of Makhleb.
  8602 | D:6      | Noticed a moth of wrath
  8604 | D:6      | Found a bloodstained altar of Trog.
  8745 | D:6      | Reached XP level 9. HP: 56/56 MP: 13/16
  9041 | D:7      | Noticed a dagger
  9042 | D:7      | Noticed a hand axe
  9204 | D:6      | HP: 2/56 [orc warrior/mace (16)]
  9714 | D:7      | Found a hide-covered altar of Uskayaw.
  9843 | D:6      | Reached skill level 7 in Fighting
 10172 | D:7      | Found a sparkling altar of Nemelex Xobeh.
 10208 | D:7      | Got the trident "Dimar" {flame, rPois rN+ Stlth-}
 10235 | D:7      | Learned a level 5 spell: Lee's Rapid Deconstruction
 10236 | D:7      | Identified the +10 trident "Dimar" {flame, rPois rN+ Stlth-} (You found it on level 7 of the Dungeon)
 10275 | D:7      | Reached skill level 5 in Armour
 10296 | D:8      | Reached skill level 5 in Evocations
 10298 | D:8      | Reached XP level 10. HP: 39/64 MP: 17/17
 10453 | D:8      | Reached skill level 8 in Fighting
 10550 | D:8      | Reached * piety under Ashenzari
 11000 | D:8      | Found a bloodstained altar of Trog.
 11215 | D:8      | Found a staircase to the Lair.
 11853 | D:9      | Found a hazy altar of Hepliaklqana.
 11878 | D:9      | Found a basalt altar of Yredelemnul.
 11893 | D:9      | Noticed a two-headed ogre
 11904 | D:9      | Noticed a water nymph
 11904 | D:9      | a two-headed ogre changed into a water nymph
 11910 | D:9      | Killed from afar by a water nymph

Skill      XL: |  1  2  3  4  5  6  7  8  9 10 |
---------------+-------------------------------+-----
Fighting       | 1 2 3 4 5 6 7 8 |  8.4
Earth Magic    | 4 5 6 7 |  7.3
Spellcasting   | 3 4 5 |  5.1
Evocations     | 1 3 5 |  5.7
Maces & Flails | 2 4 |  4.2
Armour         | 2 5 6 |  6.1
Dodging        | 2 3 |  3.2
Stealth        | |  2.1
Transmutations | |  0.7

Action                   |  1- 3 |  4- 6 |  7- 9 | 10-12 || total
-------------------------+-------+-------+-------+-------++-------
Melee: Unarmed           |     6 |       |       |       ||     6
       Short sword       |   113 |    97 |       |       ||   210
       Halberd           |       |    19 |       |       ||    19
       Flail             |       |    82 |   377 |       ||   459
       Trident           |       |       |    13 |   122 ||   135
 Cast: Sandblast         |    13 |    34 |   109 |     2 ||   158
       Stone Arrow       |       |     3 |     4 |     2 ||     9
       Petrify           |       |       |       |     2 ||     2
Evoke: Wand              |       |       |     4 |     1 ||     5
  Use: Scroll            |       |       |    14 |       ||    14
 Stab: Sleeping          |     4 |     2 |     4 |       ||    10
       Invisible         |       |     2 |       |       ||     2
  Eat: Chunk             |     3 |    10 |    18 |     5 ||    36
Armor: Robe              |    46 |    79 |    70 |       ||   195
       Ring mail         |       |       |   202 |    52 ||   254
Dodge: Dodged            |    90 |   135 |   257 |    60 ||   542
